 Dungeon Crawl Stone Soup version 0.26.0-18-gc5c842f807 (webtiles) character file.

Game seed: 3694761550380334316

109 gimp the Chopper (level 4, -3/41 HPs)
             Began as a Hill Orc Monk on Jan 23, 2021.
             Slain by a gnoll
             ... wielding a +0 halberd of venom
              (14 damage)
             ... on level 2 of the Dungeon.
             The game lasted 00:02:59 (2157 turns).

gimp the Chopper (Hill Orc Monk)                    Turns: 2157, Time: 00:02:59

Health: -3/41      AC:  4    Str: 14    XL:     4   Next: 89%
Magic:  4/4        EV: 13    Int: 10    God:
Gold:   163        SH:  0    Dex: 13    Spells: 3/3 levels left

rFire    + . .     SeeInvis .   a - +0 hand axe
rCold    . . .     Faith    .   (no shield)
rNeg     . . .     Spirit   .   b - +0 robe
rPois    .         Reflect  .   m - +0 helmet
rElec    .         Harm     .   (no cloak)
rCorr    .         Rampage  .   (no gloves)
Will     +....                  c - +0 pair of boots
Stlth    ++........             (no amulet)
HPRegen  0.13/turn              e - ring of protection from fire
MPRegen  0.09/turn              i - ring of willpower

@: lethally poisoned (-3 -> -10)
A: no striking features
a: no special abilities


You were on level 2 of the Dungeon.
You visited 1 branch of the dungeon, and saw 2 of its levels.

You collected 163 gold pieces.

Inventory:

Hand Weapons
 a - a +0 hand axe (weapon)
Armour
 b - a +0 robe (worn)
 c - a +0 pair of boots (worn)
 m - a +0 helmet (worn)
Jewellery
 e - a ring of protection from fire (left hand)
 i - a ring of willpower (right hand)
Scrolls
 d - a scroll of teleportation {unknown}
 f - 5 scrolls of identify {unknown}
 j - a scroll of enchant weapon {unknown}
 k - a scroll of random uselessness {unknown}
 n - a scroll of remove curse {unknown}
 o - a scroll of magic mapping {unknown}
 p - a scroll of noise {unknown}
Potions
 g - a potion of mutation {unknown}
 h - 2 potions of lignification {unknown}
 l - a potion of degeneration {unknown}
 q - a potion of magic {unknown}


   Skills:
 + Level 4.7 Fighting
 * Level 6.3 Axes
 - Level 2.4 Dodging
 - Level 1.5 Stealth


You had 3 spell levels left.
You didn't know any spells.
Your spell library was empty.

Dungeon Overview and Level Annotations

Branches:
Dungeon (2/15)

Altars:
Trog


Message History

You hit the gnoll but do no damage. The gnoll hits you with a +0 spear.
You take 4 damage, and have 19/41 hp.
You are too injured to fight recklessly!
Unknown command.
You hit the gnoll.
The gnoll is almost dead.
You closely miss the gnoll. The gnoll closely misses you.
The gnoll hits you with a +0 spear.
You take 3 damage, and have 16/41 hp.
You hit the gnoll but do no damage.
The gnoll is almost dead.
You hit the gnoll.
The gnoll hits you with a +0 halberd of venom.
You are poisoned.
The gnoll hits you with a +0 spear.
* * * LOW HITPOINT WARNING * * *
You take 4 damage, and have 12/41 hp.
You feel sick.
The gnoll hits you from afar with a +0 halberd of venom!
You die...

#.##........##.## ##
#.###..#.......## .
#......#..#.##### #.# ###
#####.##..#.##.##
####.#######.#######............
#..............#........###.....
#.##.#8...##.#g#.#####..........
#....#....##.#.#.#####.####.....
...#8.88##.g.@....##.# ##...#
####.#...8####.#.##.##.# ##.##
#.......#.####.#.......# #...#
#.##.##.#.<....#.##.##.# #...#
##.##.#.......###.##.##.# #..†.
......#....[..#
#....##.#####...#
.#.####.......#
#.#####.#........
.#.####.......#
#................
.#............#
#..........).....


You could see 2 gnolls.

Vanquished Creatures
  A worker ant zombie (D:2)
  A gnoll (D:2)
  5 adders (D:2)
  An adder zombie (D:2)
  A leopard gecko (D:1)
  4 bats
  A bat zombie (D:2)
  4 giant cockroaches
  5 goblins
  2 hobgoblins (D:2)
  2 jackals (D:1)
  3 kobolds
  A ball python skeleton (D:2)
  3 frilled lizards
  A quokka zombie (D:2)
  5 rats
40 creatures vanquished.

Vanquished Creatures (others)
  3 withered plants (D:2)
3 creatures vanquished.

Grand Total: 43 creatures vanquished

Notes
Turn   | Place    | Note
-------+----------+-------------------------------------------
     0 | D:1      | gimp the Hill Orc Monk began the quest for the Orb.
     0 | D:1      | Reached XP level 1. HP: 19/19 MP: 1/1
   193 | D:1      | Reached XP level 2. HP: 27/27 MP: 2/2
  1150 | D:2      | Reached skill level 5 in Axes
  1150 | D:2      | Reached XP level 3. HP: 21/33 MP: 3/3
  1410 | D:2      | Reached XP level 4. HP: 35/41 MP: 4/4
  1503 | D:2      | Reached skill level 6 in Axes
  1762 | D:2      | Found a bloodstained altar of Trog.
  2157 | D:2      | Slain by a gnoll

Illustrated notes

Levels and vault maps discovered:
D:1:      dpeg_arrival_arbitrary_b, layout_basic, minmay_bisected
D:2:      layout_loops_cross, nicolae_overflow_crystal_walls, serial_undead,
          serial_undead_f, serial_undead_f, serial_undead_a, serial_undead_c,
          serial_undead_f, glass_columns_a

Skill      XL: |  1  2  3  4 |
---------------+-------------+-----
Fighting       | 4 |  4.7
Axes           | 5 6 |  6.3
Dodging        | |  2.4
Stealth        | |  1.5

Action                   |  1- 3 |  4- 6 || total
-------------------------+-------+-------++-------
Melee: Hand axe          |   102 |    79 ||   181
 Stab: Sleeping          |     1 |       ||     1
Armor: Robe              |    20 |    18 ||    38
Dodge: Dodged            |    64 |    51 ||   115
